 Dungeon Sprint DCSS version 0.29.1-15-g9cfb28693d (webtiles) character file.

Game seed: 14394844989293722109

3600000 Groucho the Axe Maniac (level 18, -56/187 HPs)
             Began as a Ghoul Warper on Mar 24, 2023.
             Was a High Priest of Makhleb.
             Annihilated by a sculptor of flesh
             ... wielding a +9 great sword
              (243 damage)
             ... in the Dungeon (Sprint VIII: "Arena of Blood").
             The game lasted 00:01:30 (36 turns).

Groucho the Axe Maniac (Ghoul Warper)                 Turns: 36, Time: 00:01:32

Health: -56/187    AC:  5    Str: 17    XL:     18   Next: 13%
Magic:  18/32      EV: 25    Int:  8    God:    Makhleb [*****.]
Gold:   0          SH:  0    Dex: 14    Spells: 20/20 levels left

rFire   . . .      SeeInvis .   i - +∞ Axe of Woe
rCold   + . .      Faith    .   (shield currently unavailable)
rNeg    + + +      Spirit   .   b - +0 leather armour
rPois   ∞          Reflect  .   (no helmet)
rElec   .          Harm     .   (no cloak)
rCorr   .          Rampage  .   (no gloves)
Will    +....      NoTele   +   (no boots)
Stlth   +.........              (no amulet)
HPRegen 0.00/turn               j - +30 ring of slaying
MPRegen 0.23/turn               (no ring)

@: inhibited regen
A: claws 1, cold resistance 1, negative energy resistance 3, inhibited
regeneration, torment resistance 2, devour on kill
a: Renounce Religion, Minor Destruction, Lesser Servant of Makhleb, Major
Destruction, Greater Servant of Makhleb


You were in the Dungeon.
You worshipped Makhleb.
Makhleb was extremely pleased with you.
You visited 1 branch

Inventory:

Hand Weapons
 a - a +0 hand axe
 i - the +∞ Axe of Woe (weapon)
   (You found it in the Dungeon)
Missiles
 d - 7 boomerangs of dispersal (quivered)
Armour
 b - a +0 leather armour (worn)
Jewellery
 j - a +30 ring of slaying (left claw)
Scrolls
 c - 2 scrolls of blinking
Potions
 e - a potion of curing
 f - a potion of heal wounds
 g - a potion of haste
 h - 2 potions of magic


   Skills:
 + Level 22.6 Fighting
 O Level 27 Axes
 - Level 0.8 Throwing
 + Level 19.4 Armour
 O Level 27 Dodging
 + Level 22.5 Unarmed Combat
 - Level 1.7 Spellcasting
 - Level 2.6 Translocations
 + Level 22.5 Invocations


You had 20 spell levels left.
You didn't know any spells.
Your spell library contained the following spells:

 Spells                   Type           Power      Damage    Failure   Level
 Blink                    Tloc           10%        N/A       21%         2
 Gell's Gravitas          Tloc           5%         N/A       38%         3
 Lesser Beckoning         Tloc           5%         N/A       38%         3
 Teleport Other           Tloc           5%         N/A       38%         3
 Manifold Assault         Tloc           5%         N/A       98%         5


Dungeon Overview and Level Annotations

Branches:
Dungeon (1/1)

Altars:
Makhleb


Innate Abilities, Weirdness & Mutations

You are immune to poison.
You have sharp fingernails.
Your flesh is cold resistant. (rC+)
You are immune to negative energy. (rN+++)
You do not regenerate when monsters are visible.
You are immune to unholy pain and torment.
You thrive by killing the living.


Message History

Your Fighting skill gained 2 levels and is now at level 21!
Your Armour skill gained 2 levels and is now at level 18!
Your Unarmed Combat skill gained 2 levels and is now at level 21!
Your Invocations skill gained 2 levels and is now at level 21!
Unknown command.
Press < or > to pray at altars.
You chop the bag of meat into pieces!!!
You slaughter the bag of meat joyfully.
You kill the bag of meat!
Makhleb accepts your kill.
You feel better.
You hear a shout! x4
Your Fighting skill increases to level 22!
Unknown command.
Press < or > to pray at altars.
Unknown command.
Press < or > to pray at altars.
Unknown command.
Press < or > to pray at altars.
You hear a shout! x12
You cut the bag of meat into ribbons!!!
You cleave the bag of meat in twain.
You kill the bag of meat!
Makhleb accepts your kill.
The sculptor of flesh appears out of thin air!
A sculptor of flesh comes into view. It is wielding a +9 great sword.
You hear a shout! x4
Your Armour skill increases to level 19!
Your Unarmed Combat skill increases to level 22!
Your Invocations skill increases to level 22!
You have reached level 18!
Unknown command.
Press < or > to pray at altars.
You hear a shout! x6
A bag of meat comes into view. It is wielding a +9 war axe.
The bag of meat shouts!
You hear a shout! x4
A meat berserker comes into view. It is wielding a +9 battleaxe.
A bag of meat comes into view. It is wielding a +9 war axe.
You hear a shout!
The sculptor of flesh hits you with a +9 great sword!!!!!
Ouch! That really hurt!
You die...

O... .. ..... ..
#... .# . #...
..# ..###...
..###.
...z...###......
.......)_)......
.....#.)@..#....
... #_.z._# .
.....#.))..#....
#.O.....)_)......
....o...###......
...###... ..###.
.. #... ..# #....
.o# ....O ..


You could see 2 sculptors of flesh, a meat berserker (berserk) and 2 bags of
meat.

Vanquished Creatures
  6 ogres (D)
  14 orcs (D)
20 creatures vanquished.

Notes
Turn   | Place    | Note
-------+----------+-------------------------------------------
     0 | D        | Found the +∞ Axe of Woe
     0 | D        | Groucho the Ghoul Warper began the quest for the Orb.
     0 | D        | Reached XP level 1. HP: 17/17 MP: 2/2
     4 | D        | Became a worshipper of Makhleb the Destroyer
     5 | D        | Noticed a bag of meat
     6 | D        | Noticed a bag of meat
     6 | D        | Noticed a meat berserker
     7 | D        | Killed a bag of meat
     7 | D        | Noticed a meat berserker
     8 | D        | Reached XP level 2. HP: 24/24 MP: 3/3
     8 | D        | Reached XP level 3. HP: 29/29 MP: 4/4
     8 | D        | Reached XP level 4. HP: 36/36 MP: 5/5
     8 | D        | Reached XP level 5. HP: 41/41 MP: 6/6
     8 | D        | Reached XP level 6. HP: 48/48 MP: 7/7
     8 | D        | Reached XP level 7. HP: 55/55 MP: 8/8
     8 | D        | Reached XP level 8. HP: 61/61 MP: 9/9
     8 | D        | Reached XP level 9. HP: 67/67 MP: 10/10
     8 | D        | Reached XP level 10. HP: 73/73 MP: 11/11
     8 | D        | Reached XP level 11. HP: 79/79 MP: 12/12
     8 | D        | Noticed a bag of meat
     8 | D        | Noticed a bag of meat
     9 | D        | Noticed a bag of meat
    10 | D        | Killed a meat berserker
    10 | D        | Reached * piety under Makhleb
    10 | D        | Killed a bag of meat
    10 | D        | Killed a meat berserker
    11 | D        | Reached XP level 12. HP: 85/85 MP: 13/13
    11 | D        | Reached XP level 13. HP: 91/91 MP: 14/14
    11 | D        | Reached XP level 14. HP: 99/99 MP: 15/15
    11 | D        | Noticed a bag of meat
    11 | D        | Noticed a bag of meat
    11 | D        | Noticed a bag of meat
    12 | D        | Noticed a meat berserker
    12 | D        | Noticed a bag of meat
    13 | D        | Killed a bag of meat
    13 | D        | Reached ** piety under Makhleb
    13 | D        | Noticed a bag of meat
    14 | D        | Noticed a meat berserker
    16 | D        | Killed a bag of meat
    18 | D        | Killed a bag of meat
    18 | D        | Noticed a meat berserker
    18 | D        | Noticed a bag of meat
    19 | D        | Reached XP level 15. HP: 104/104 MP: 16/16
    19 | D        | Reached *** piety under Makhleb
    19 | D        | Killed a meat berserker
    20 | D        | Reached skill level 27 in Axes
    20 | D        | Reached skill level 27 in Dodging
    20 | D        | Reached skill level 10 in Unarmed Combat
    20 | D        | Reached skill level 10 in Invocations
    20 | D        | Reached **** piety under Makhleb
    21 | D        | Reached skill level 10 in Armour
    21 | D        | Reached XP level 16. HP: 141/141 MP: 16/24
    23 | D        | Killed a meat berserker
    23 | D        | Noticed a meat berserker
    24 | D        | Reached skill level 15 in Fighting
    24 | D        | Reached skill level 15 in Unarmed Combat
    24 | D        | Reached skill level 15 in Invocations
    25 | D        | Killed a meat berserker
    26 | D        | Reached skill level 15 in Armour
    26 | D        | Reached XP level 17. HP: 163/163 MP: 16/28
    26 | D        | Reached ***** piety under Makhleb
    31 | D        | Noticed a sculptor of flesh
    31 | D        | Killed a meat berserker
    35 | D        | Reached XP level 18. HP: 187/187 MP: 18/32
    35 | D        | Noticed a sculptor of flesh
    36 | D        | Noticed a meat berserker
    36 | D        | Annihilated by a sculptor of flesh

Illustrated notes

Levels and vault maps discovered:
D:        meatsprint

Skill      XL: |  1  2  3  4  5  6  7  8  9 10 11 12 13 14 15 16 17 |
---------------+----------------------------------------------------+-----
Axes           | 16 24 26 27 | 27.0
Dodging        | 16 24 26 27 | 27.0
Fighting       | 12 17 22 | 22.6
Armour         | 10 15 19 | 19.4
Unarmed Combat | 12 17 22 | 22.5
Invocations    | 12 17 22 | 22.5
Throwing       | |  0.8
Spellcasting   | |  1.7
Translocations | |  2.6

Action                   |  1- 3 |  4- 6 |  7- 9 | 10-12 | 13-15 | 16-18 || total
-------------------------+-------+-------+-------+-------+-------+-------++-------
Melee: Executioner's axe |     1 |       |       |     1 |     5 |     8 ||    15
Dodge: Dodged            |       |       |       |       |       |     1 ||     1
